 Dungeon Crawl Stone Soup version 0.24.0-13-gcf9b319 (webtiles) character file.

Game seed: 9735510408256173061, levelgen mode: deterministic

60 Gazorpazorpfield the Firebug (level 3, 0/19 HPs)
             Began as a Deep Elf Fire Elementalist on May 3, 2020.
             Succumbed to a worker ant's poison
             ... on level 4 of the Dungeon.
             The game lasted 00:03:04 (1103 turns).

Gazorpazorpfield the Firebug (DEFE)                 Turns: 1103, Time: 00:03:05

Health: 0/19       AC:  3    Str:  5    XL:     3   Next: 82%
Magic:  2/10       EV: 13    Int: 20    God:
Gold:   32         SH:  0    Dex: 15    Spells: 1/10 levels left

rFire    . . .     SeeInvis .   (no weapon)
rCold    . . .     Gourm    .   (no shield)
rNeg     . . .     Faith    .   a - +0 robe
rPois    .         Spirit   .   (no helmet)
rElec    .         Reflect  .   (no cloak)
rCorr    .         Harm     .   b - +0 pair of gloves
MR       +....                  (no boots)
Stlth    +.........             (no amulet)
HPRegen  0.06/turn              d - ring of protection from magic
MPRegen  0.12/turn              f - ring of attention (curse)

@: lethally poisoned (0 -> -4), very slightly contaminated
A: no striking features
a: no special abilities


You were on level 4 of the Dungeon.
You were not hungry.

You visited 1 branch of the dungeon, and saw 3 of its levels.

You collected 32 gold pieces.

Inventory:

Armour
 a - a +0 robe (worn)
 b - a +0 pair of gloves (worn)
Jewellery
 d - a ring of protection from magic (left hand)
 f - a cursed ring of attention (right hand)
Scrolls
 e - a scroll of immolation
 h - a scroll of identify
Comestibles
 c - 3 rations


   Skills:
 + Level 2.6 Dodging
 + Level 2.8 Stealth
 * Level 4.0 Spellcasting
 + Level 1.3 Conjurations
 + Level 4.3 Fire Magic


You had one spell level left.
You knew the following spells:

 Your Spells              Type           Power        Failure   Level  Hunger
a - Flame Tongue          Conj/Fire      ###..        4%          1    None
b - Throw Flame           Conj/Fire      ###...       6%          2    #......
c - Conjure Flame         Conj/Fire      ###.....     12%         3    ###....
d - Inner Flame           Hex/Fire       ##......     16%         3    ###....

Your spell library contained the following spells:

 Spells                   Type           Power        Failure   Level  Hunger
 Sticky Flame             Conj/Fire      ###.....     36%         4    ####...
 Fireball                 Conj/Fire      ###.......   73%         5    ######.


Dungeon Overview and Level Annotations

Branches:
Dungeon (2/15)

Altars:


Message History

Press: ? - help, Shift-Dir - straight line, f/p - worker ant
Aim: a worker ant (almost dead)
The flame tongue hits the worker ant.
You kill the worker ant!
Your Spellcasting skill increases to level 4!
* * * LOW HITPOINT WARNING * * *
You feel sick.
You aren't carrying any potions.
You aren't carrying any potions.
* * * LOW HITPOINT WARNING * * *
You feel sick.
Found an escape hatch in the floor.
* * * LOW HITPOINT WARNING * * *
You feel sick.
Found 11 gold pieces.
* * * LOW HITPOINT WARNING * * *
You feel sick.
Found a scroll labeled DORGHE VUNWE.
You aren't carrying any potions.
You die...

################
#.>.............
#...........?##
####.............#
#######
#..........@.....#
.?....
#.#####............
..... .. #.#
#...........# #... #.#
#.# #..........## #..
.. #†# #....$....## #.
#.##.# #.##......## ##.
#..#.# #.#.##.......##
##..
#.#.#.#.#.########..##
##...
#...#.#.#............##
##..#.


There were no monsters in sight!

Vanquished Creatures
  A worker ant (D:4)
  An adder (D:2)
  2 oozes
  A dart slug (D:1)
  A leopard gecko (D:1)
  A giant cockroach (D:1)
  2 goblins (D:1)
  2 hobgoblins
  3 bats (D:1)
  2 kobolds (D:1)
  4 rats (D:1)
20 creatures vanquished.

Notes
Turn   | Place    | Note
-------+----------+-------------------------------------------
     0 | D:1      | Gazorpazorpfield the Deep Elf Fire Elementalist began the
                  | quest for the Orb.
     0 | D:1      | Reached XP level 1. HP: 10/10 MP: 6/6
   443 | D:1      | Reached XP level 2. HP: 15/15 MP: 6/8
  1007 | D:2      | Reached XP level 3. HP: 19/19 MP: 6/10
  1011 | D:2      | Learned a level 2 spell: Throw Flame
  1015 | D:2      | Learned a level 3 spell: Conjure Flame
  1019 | D:2      | Learned a level 3 spell: Inner Flame
  1038 | D:2      | You fall into a shaft and drop 2 floors!
  1103 | D:4      | Succumbed to a worker ant's poison

Levels and vault maps discovered:
D:1:      grunt_arrival_crossed_arrows, layout_loops_cross
D:2:      layout_rooms, kennysheep_flooded_box
D:4:      layout_basic, nemelex_lonely_heart_becter

Skill      XL: |  1  2  3 |
---------------+----------+-----
Fire Magic     | 4 |  4.3
Spellcasting   | 4 |  4.0
Dodging        | |  2.6
Stealth        | |  2.8
Conjurations   | |  1.3

Action                   || total
-------------------------++-------
 Cast: Flame Tongue      ||    39
  Use: Scroll            ||     1
Armor: Robe              ||     3
Dodge: Dodged            ||     6
